 Dungeon Crawl Stone Soup version 0.27.1-1-g398f81649c (webtiles) character file.

Game seed: 12987128632515511881

14 safid the Skirmisher (level 2, -1/27 HPs)
             Began as a Hill Orc Fighter on Sept 9, 2021.
             Succumbed to an adder's poison
             ... on level 2 of the Dungeon.
             The game lasted 00:01:28 (985 turns).

safid the Skirmisher (Hill Orc Fighter)              Turns: 985, Time: 00:01:29

Health: -1/27      AC:  6    Str: 18    XL:     2   Next: 41%
Magic:  2/2        EV:  7    Int:  8    God:
Gold:   11         SH:  9    Dex: 10    Spells: 1/1 levels left

rFire    . . .     SeeInvis .   a - +0 war axe
rCold    . . .     Faith    .   c - +0 kite shield
rNeg     . . .     Spirit   .   b - +0 scale mail
rPois    .         Reflect  .   (no helmet)
rElec    .         Harm     .   (no cloak)
rCorr    .         Rampage  .   (no gloves)
Will     .....                  (no boots)
Stlth    ..........             (no amulet)
HPRegen  0.09/turn              (no ring)
MPRegen  0.08/turn              (no ring)

@: lethally poisoned (-1 -> -11)
A: no striking features
a: no special abilities


You were on level 2 of the Dungeon.
You visited 1 branch of the dungeon, and saw 2 of its levels.

You collected 11 gold pieces.

Inventory:

Hand Weapons
 a - a +0 war axe (weapon)
Missiles
 k - 22 poisoned darts (quivered)
Armour
 b - a +0 scale mail (worn)
 c - a +0 kite shield (worn)
Jewellery
 e - an amulet of faith
Scrolls
 i - a scroll of silence {unknown}
 j - a scroll of teleportation {unknown}
Potions
 d - a potion of might
 f - a potion of haste {unknown}
 g - a potion of brilliance {unknown}
 h - a potion of lignification {unknown}


   Skills:
 + Level 3.9 Fighting
 + Level 3.0 Axes
 + Level 3.5 Armour
 + Level 3.5 Shields


You had one spell level left.
You didn't know any spells.
Your spell library was empty.

Dungeon Overview and Level Annotations

Branches:
Dungeon (2/15)

Altars:


Message History

You miss the adder. The adder bites you but does no damage.
You block the adder's attack.
You closely miss the adder. The adder bites you. You block the adder's attack.
You are too injured to fight recklessly!
You are too injured to fight recklessly!
You are too injured to fight recklessly!
You are too injured to fight recklessly!
You are too injured to fight recklessly!
You closely miss the adder. The adder barely misses you. x2
You closely miss the adder. The adder closely misses you.
You block the adder's attack.
Your shield prevents you from hitting the adder.
You block the adder's attack. The adder bites you but does no damage.
You hit the adder but do no damage. You block the adder's attack.
The adder barely misses you. x2
You hit the adder.
The adder is heavily wounded.
You block the adder's attack. The adder bites you.
You hit the adder.
The adder is severely wounded.
You block the adder's attack. The adder bites you but does no damage.
You closely miss the adder.
The adder is severely wounded.
The adder barely misses you. The adder bites you.
* * * LOW HITPOINT WARNING * * *
You miss the adder.
The adder is severely wounded.
You block the adder's attack. The adder completely misses you.
You hit the adder but do no damage.
The adder is severely wounded.
The adder bites you.
* * * LOW HITPOINT WARNING * * *
You are lethally poisoned!
The adder poisons you! The adder bites you.
* * * LOW HITPOINT WARNING * * *
You are more poisoned.
The adder poisons you!
You completely miss the adder.
The adder is severely wounded.
You die...

# ## #.#. .#. ..#
###.. ... #S#
#######@# #.......#
##### #.##.......#
#...###.##.##.##....
#..........##... ...
#...###.#####.##.# #
##.## #... ..# # #<#
##### ### #.#


You could see an adder.

Vanquished Creatures
  A ball python (D:1)
  3 endoplasms (D:1)
  A goblin (D:1)
  2 hobgoblins (D:1)
  A bat (D:1)
  4 kobolds
  A rat (D:1)
13 creatures vanquished.

Notes
Turn   | Place    | Note
-------+----------+-------------------------------------------
     0 | D:1      | safid the Hill Orc Fighter began the quest for the Orb.
     0 | D:1      | Reached XP level 1. HP: 19/19 MP: 1/1
   339 | D:1      | Reached XP level 2. HP: 27/27 MP: 2/2
   985 | D:2      | Succumbed to an adder's poison

Illustrated notes

Levels and vault maps discovered:
D:1:      amcnicky_arrival_flooded_fountain, layout_loops_ring,
          minmay_pentomino_w2
D:2:      minmay_roachtagon, layout_loops_cross,
          shapermc_ecumenical_altar_rom_forum

Skill      XL: |  1  2 |
---------------+-------+-----
Axes           | 3 |  3.0
Fighting       | |  3.9
Armour         | |  3.5
Shields        | |  3.5

Action                   || total
-------------------------++-------
Melee: War axe           ||    61
Armor: Scale mail        ||    24
Dodge: Dodged            ||    19
Block: Kite shield       ||    35
